 Dungeon Crawl Stone Soup version 0.21.0 (webtiles) character file.

2 tidbits the Insei (level 1, -2/15 HPs)
             Began as a Barachi Transmuter on Jan 6, 2018.
             Slain by a kobold
             ... wielding a +0 dagger
              (4 damage)
             ... on level 1 of the Dungeon.
             The game lasted 00:00:48 (109 turns).

tidbits the Insei (Barachi Transmuter)               Turns: 109, Time: 00:00:48

Health: -2/15      AC:  2    Str: 11    XL:     1   Next: 40%
Magic:  2/3        EV: 12    Int: 13    God:
Gold:   8          SH:  0    Dex: 12    Spells: 3/4 levels left

rFire    . . .     SeeInvis .     - Unarmed
rCold    . . .     Gourm    .   (no shield)
rNeg     . . .     Faith    .   b - +0 robe
rPois    .         Spirit   .   (no helmet)
rElec    .         Reflect  .   (no cloak)
rCorr    .         Harm     .   (no gloves)
MR       .....                  (boots currently unavailable)
Stlth    +.........             (no amulet)
HPRegen  0.05/turn              (no ring)
MPRegen  0.08/turn              (no ring)

@: appendage, slow
A: +LOS, swims, talons 3, slowness 1, strong legs 1
a: Hop, End Transformation


You were on level 1 of the Dungeon.
You were not hungry.
You had grown temporary talons.
You visited 1 branch of the dungeon, and saw 1 of its levels.

You collected 8 gold pieces.

Inventory:

Missiles
 a - 12 arrows
Armour
 b - a +0 robe (worn)
Books
 c - a book of Changes

   Spells                             Type                      Level
   a - Beastly Appendage              Transmutation                1
   b - Sticks to Snakes               Transmutation                2
   c - Spider Form                    Transmutation/Poison         3
   d - Ice Form                       Ice/Transmutation            4
   e - Blade Hands                    Transmutation                5
Comestibles
 d - a ration


   Skills:
 - Level 1.3 Fighting
 - Level 2.2 Dodging
 - Level 3.3 Unarmed Combat
 + Level 2.2 Spellcasting
 + Level 2.2 Transmutations


You had 3 spell levels left.
You knew the following spells:

 Your Spells              Type           Power        Failure   Level  Hunger
e - Beastly Appendage     Tmut           #.....       10%         1    ##.....


Dungeon Overview and Level Annotations

Branches:
Dungeon (1/15)

Altars:


Innate Abilities, Weirdness & Mutations

Shadows flee at your approach. (+LOS)
You can swim through water.
You cover ground slowly.
You can hop short distances.
You have claws for feet.


Message History

Found 10 gold pieces.
You open the large door.
A frilled lizard comes into view.
The frilled lizard hisses angrily.
The frilled lizard moves out of view.
Your talons disappear.
The frilled lizard misses you.
There is a large open door here.
The frilled lizard misses you.
You barely miss the frilled lizard. The frilled lizard closely misses you.
You hit the frilled lizard.
The frilled lizard is heavily wounded.
You closely miss the frilled lizard.
The frilled lizard is heavily wounded.
The frilled lizard bites you.
You barely miss the frilled lizard.
The frilled lizard is heavily wounded.
The frilled lizard completely misses you.
You closely miss the frilled lizard.
The frilled lizard is heavily wounded.
The frilled lizard misses you.
You barely miss the frilled lizard.
The frilled lizard is heavily wounded.
The frilled lizard misses you.
Casting: Beastly Appendage
Confirm with . or Enter, or press ? or * to list all spells.
Your feet morph into talons.
The frilled lizard bites you.
You hit the frilled lizard but do no damage.
Your kick misses the frilled lizard.
The frilled lizard is heavily wounded.
The frilled lizard bites you.
You closely miss the frilled lizard.
The frilled lizard is heavily wounded.
The frilled lizard closely misses you.
You hit the frilled lizard.
You kill the frilled lizard!
You open the door.
A frilled lizard and a rat come into view.
The frilled lizard hisses angrily.
There is an open door here.
You closely miss the frilled lizard. Your kick misses the frilled lizard.
Your transformation is almost over.
The frilled lizard closely misses you.
You closely miss the frilled lizard. The frilled lizard bites you.
You hit the frilled lizard.
You kill the frilled lizard!
You see here a frilled lizard corpse.
There is an open door here.
Casting: Beastly Appendage
Confirm with . or Enter, or press ? or * to list all spells.
You extend your transformation's duration.
You hit the rat.
The rat is heavily wounded.
The rat bites you but does no damage.
You closely miss the rat.
The rat is heavily wounded.
The rat bites you.
* * * LOW HITPOINT WARNING * * *
You hit the rat but do no damage. Your kick misses the rat.
The rat is heavily wounded.
The rat bites you.
* * * LOW HITPOINT WARNING * * *
You hit the rat.
You kill the rat!
Your transformation is almost over.
You open the door.
There is an open door here.
There is an open door here.
Your talons disappear.
A bat comes into view.
The bat misses you. The bat hits you but does no damage.
The bat barely misses you.
Casting: Beastly Appendage
Confirm with . or Enter, or press ? or * to list all spells.
Your feet morph into talons.
The bat misses you.
You closely miss the bat. Your kick misses the bat. The bat hits you.
* * * LOW HITPOINT WARNING * * *
Your transformation is almost over.
A kobold comes into view. It is wielding a dagger.
Your talons disappear.
A hobgoblin comes into view.
The hobgoblin shouts!
Casting: Beastly Appendage
Confirm with . or Enter, or press ? or * to list all spells.
Your feet morph into talons.
The kobold shouts!
You hear an angry hiss.
The kobold barely misses you.
A frilled lizard comes into view.
You closely miss the kobold. You claw the kobold, but do no damage.
The kobold misses you.
You closely miss the kobold. Your kick misses the kobold.
The kobold closely misses you.
You barely miss the kobold. You closely miss the kobold.
The kobold hits you with a dagger.
* * * LOW HITPOINT WARNING * * *
You miss the kobold. The kobold hits you but does no damage.
You hit the kobold.
The kobold is moderately wounded.
The kobold hits you with a dagger.
You die...

#..# #.# .# #.##
#.# ###.# #.#
#...# #.#
#.#########.# #
#...........###.#
###########.....#
#######..##.#
#...lgK@.#
...#####..# #..#
...# ##.# .# .#
.# .#


You could see a hobgoblin, a kobold and a frilled lizard.

Vanquished Creatures
  2 frilled lizards (D:1)
  2 rats (D:1)
4 creatures vanquished.

Notes
Turn   | Place    | Note
-------+----------+-------------------------------------------
     0 | D:1      | tidbits the Barachi Transmuter began the quest for the Orb.
     0 | D:1      | Reached XP level 1. HP: 15/15 MP: 3/3
   109 | D:1      | Slain by a kobold

Action                   || total
-------------------------++-------
Melee: Unarmed           ||    24
       Kick              ||     1
 Cast: Beastly Appendage ||     5
Armor: Robe              ||     2
Dodge: Dodged            ||    14

Table legend:
 A = Turns spent in this place as a percentage of turns spent in the entire game.
 B = Non-inter-level travel turns spent in this place as a percentage of non-inter-level travel turns spent in the entire game.
 C = Inter-level travel turns spent in this place as a percentage of turns spent in this place.
 D = Turns resting spent in this place as a percentage of non-inter-level travel turns spent in this place.
 E = Turns spent auto-exploring this place as a percentage of non-inter-level travel turns spent in this place.
 F = Non-inter-level travel turns spent in this place divided by the number of levels of this place that you've seen.
                   A       B       C       D       E      F
               +-------+-------+-------+-------+-------+----------------------
         Total | 100.0 | 100.0 |   0.0 |   0.0 |   0.0 | 109.0
       Dungeon | 100.0 | 100.0 |   0.0 |   0.0 |   0.0 | 109.0
               +-------+-------+-------+-------+-------+----------------------

Table legend:
 A = Kills in this place as a percentage of kills in entire the game.
 B = Kills by you in this place as a percentage of kills by you in the entire game.
 C = Kills by friends in this place as a percentage of kills by friends in the entire game.
 D = Other kills in this place as a percentage of other kills in the entire game.
 E = Experience gained in this place as a percentage of experience gained in the entire game.
 F = Experience gained in this place divided by the number of levels of this place that you have seen.
                   A       B       C       D       E      F
               +-------+-------+-------+-------+-------+----------------------
         Total | 100.0 | 100.0 |   N/A |   N/A | 100.0 |   4.0
       Dungeon | 100.0 | 100.0 |   N/A |   N/A | 100.0 |   4.0
               +-------+-------+-------+-------+-------+----------------------

Vault maps used:
D:1:      sevenhm_arrival_forest_fort_large_1, minmay_pentomino_s2
